AoeStats
← muhaliefr06

MegaRandom

510670930Analyzed
4v4 RM · 1d ago on Oct 2, 2026· 39m 20s· 8 players
Game mode
Random Map
Map size
Large (8 player)
Population
200
Speed
Normal
Resources
Standard
Victory
Conquest
Starting age
Dark Age
Ending age
Imperial Age
RankedLock teamsTeams togetherTeam positionsShared explorationLock speedFull tech treeHidden civsTurbo modeCheats
Victory
Defeat
🇳🇿 Khmer · New Zealand
1065
+13
🇦🇷 Magyars · Argentina
987
+17
🇨🇳 Vikings · China
973
+17
🇮🇩 Persians · Indonesia
947
+18
🇨🇱 Varangians · Chile
1050
-17
🇨🇱 Saracens · Chile
1030
-18
🇨🇱 Spanish · Chile
992
-16
🇨🇱 Wu · Chile
936
-14
Roccia
10:32 Feudal Age
9:15 Loom
11:18 Double-Bit Axe
14:07 Castle Age
22:34 Gold Mining
22:56 Bow Saw
22:54 Stone Mining
23:42 Town Watch
25:48 Gold Shaft Mining
26:10 Fervor
26:05 Horse Collar
27:24 Fletching
30:55 Imperial Age
31:28 Chieftains
31:41 Forging
31:31 Scale Mail Armor
32:40 Conscription
32:57 Iron Casting
32:08 Elite Varangian Guard
32:34 Arson
32:56 Squires
33:35 Chain Mail Armor
35:28 Blast Furnace
35:43 Plate Mail Armor
36:13 Blast Furnace
36:43 Two-Man Saw
35:46 Heavy Plow
37:15 Devotion
SillyFern495909
1:14 Loom
12:44 Feudal Age
17:22 Castle Age
17:33 Scale Barding Armor
17:24 Double-Bit Axe
18:06 Horse Collar
20:00 Bloodlines
25:24 Wheelbarrow
24:58 Husbandry
34:10 Heavy Plow
36:14 Hand Cart
41:51 Imperial Age
39:17 Gold Mining
muhaliefr06
10:30 Feudal Age
12:13 Wheelbarrow
12:55 Loom
15:47 Castle Age
14:55 Double-Bit Axe
14:54 Horse Collar
15:52 Man-at-Arms
18:07 Scale Barding Armor
18:42 Bow Saw
22:43 Hand Cart
23:25 Gold Mining
23:31 Crossbowman
26:05 Fletching
28:00 Thumb Ring
29:13 Padded Archer Armor
33:28 Chain Barding Armor
34:43 Gold Shaft Mining
34:00 Stone Mining
35:01 Forging
35:01 Heavy Plow
38:43 Imperial Age
37:02 Iron Casting
39:54 Conscription
scrawnny12
9:27 Feudal Age
10:16 Double-Bit Axe
10:17 Horse Collar
12:41 Loom
15:45 Castle Age
24:26 Wheelbarrow
24:40 Heavy Plow
27:50 Bow Saw
28:40 Ballistics
31:39 Imperial Age
31:57 Gold Mining
31:51 Heavy Scorpion
33:44 Chemistry
34:13 Double Crossbow
34:34 Conscription
37:21 Siege Engineers
pattox17
10:28 Feudal Age
11:24 Horse Collar
12:02 Double-Bit Axe
18:51 Castle Age
17:52 Gold Mining
20:03 Wheelbarrow
21:26 Husbandry
29:39 Heavy Plow
30:39 Padded Archer Armor
35:28 Imperial Age
32:47 Pikeman
35:07 Bow Saw
35:11 Squires
35:33 Fervor
36:46 Hand Cart
37:38 Chemistry
KleinTheSamurai
0:52 Loom
11:36 Feudal Age
13:38 Wheelbarrow
16:11 Castle Age
15:28 Double-Bit Axe
18:03 Horse Collar
21:32 Husbandry
21:55 Forging
27:36 Bimaristan
33:41 Town Watch
34:12 Hand Cart
38:02 Imperial Age
Osama Kirk Laden
1:14 Loom
14:28 Feudal Age
16:00 Horse Collar
16:08 Double-Bit Axe
17:55 Town Watch
21:54 Castle Age
21:46 Fletching
21:58 Padded Archer Armor
22:00 Scale Mail Armor
23:19 Squires
22:40 Pikeman
27:08 Wheelbarrow
27:38 Red Cliffs Tactics
28:12 Bow Saw
29:59 Heavy Plow
31:24 Hand Cart
37:13 Imperial Age
34:50 Bodkin Arrow
35:11 Leather Archer Armor
37:46 Husbandry
37:57 Bloodlines
Better Call Char
1:58 Loom
10:11 Feudal Age
10:12 Man-at-Arms
20:06 Scale Mail Armor
25:21 Castle Age
23:54 Horse Collar
24:19 Double-Bit Axe
27:49 Wheelbarrow
31:02 Chain Mail Armor
32:56 Arson
35:20 Squires
Connection lost

Rejoining the realm…

Still unreachable

The connection could not be restored.

Session expired

The server has moved on; the page needs a fresh start.